[Event "EICC 2021"]
[Site "Reykjavik"]
[Date "2021.09.05"]
[Round "11.36"]
[White "Vrolijk, Liam"]
[Black "Van Foreest, Lucas"]
[Result "1/2-1/2"]
[ECO "D39"]
[WhiteElo "2480"]
[BlackElo "2544"]
[Annotator "ChessBase"]
[PlyCount "50"]
[EventDate "2021.08.26"]
[EventType "swiss"]
[EventCountry "ISL"]
[Tiebreak "Cut1 Buchholz"]
[SourceTitle "playchess.com"]
[Source "ChessBase"]
[SourceQuality "1"]
[TimeControl "40/5400+30:1800+30"]

1. d4 e6 2. Nf3 d5 3. c4 Nf6 4. Nc3 dxc4 5. e4 Bb4 6. Bg5 c5 7. Bxc4 cxd4 8. Nxd4 Bxc3+ 9. bxc3 Qa5 10. Bxf6 Qxc3+ 11. Kf1 gxf6 12. Rc1 Qa5 13. Bb5+ Ke7 14. e5 fxe5 15. Qh5 Nd7 16. Qg5+ Kf8 17. Rxc8+ Rxc8 18. Bxd7 Qd8 19. Nxe6+ fxe6 20. Qh6+ Ke7 21.
Qxe6+ Kf8 22. Qh6+ Ke7 23. Qe6+ Kf8 24. Qh6+ Ke7 25. Qe6+ Kf8 1/2-1/2

[Event "EICC 2021"]
[Site "Reykjavik"]
[Date "2021.09.05"]
[Round "11.37"]
[White "Loiseau, Quentin"]
[Black "Valsecchi, Alessio"]
[Result "1/2-1/2"]
[ECO "D24"]
[WhiteElo "2466"]
[BlackElo "2527"]
[Annotator "ChessBase"]
[PlyCount "152"]
[EventDate "2021.08.26"]
[EventType "swiss"]
[EventCountry "ISL"]
[Tiebreak "Cut1 Buchholz"]
[SourceTitle "playchess.com"]
[Source "ChessBase"]
[SourceQuality "1"]
[TimeControl "40/5400+30:1800+30"]

1. d4 Nf6 2. c4 e6 3. Nf3 d5 4. Nc3 dxc4 5. e4 b5 6. Nxb5 Nxe4 7. Qa4 c6 8. Nc3 Nd6 9. Bf4 Qb6 10. Be2 Ba6 11. O-O Bb5 12. Qc2 Na6 13.
Bxd6 Bxd6 14. Qe4 Nc7 15. a4 Ba6 16. a5 Qb7 17. Ne5 O-O 18.
Nxc6 Qxb2 19. Na4 Qb5 20. Rfb1 Qg5 21. Ne5 Bxe5 22. dxe5 Nd5 23. g3 Rac8 24. Qd4 Qe7 25. Rc1 Rfd8 26. Bf1 g6 27. Nb2 Nb4 28. Qe3 c3 29. Rxc3 Nd5 30. Rxc8 Nxe3 31. Rxd8+ Qxd8 32. Bxa6 Qd4 33. Ra3 Qxe5 34. Rxe3 Qxb2 35. Bf1 a6 36. Bxa6 Qa1+ 37. Kg2 Qxa5 38. Be2 e5 39. h4 f5 40. Bc4+ Kg7 41. Be2 Kf6 42. Rd3 Qc5 43. Kg1 Qb4 44. Rd7 Qe1+ 45. Bf1 e4 46. Kg2 Qc3 47. Kg1 Qc1 48. Rxh7 Qe1 49. Ra7 f4 50. gxf4 e3 51. Ra2 Kf5 52. Re2 exf2+ 53. Kg2 Kg4 54. Rxf2 Qe3 55. Be2+ Kxh4 56. Kf1 Qc1+ 57. Kg2 Qe3 58. Kf1 Kg3 59. Rg2+ Kh3 60. Rxg6 Qxf4+ 61. Ke1 Qb4+ 62. Kf2 Qc5+ 63. Ke1 Qa5+ 64. Kd1 Qa4+ 65. Ke1 Qb4+ 66. Kf2 Qc5+ 67. Ke1 Qa5+ 68. Kd1 Qa1+ 69. Kd2 Qb2+ 70. Ke3 Qe5+ 71. Kd2 Qf4+ 72. Ke1 Qe4 73. Rg4 Qe3 74. Kf1 Qe5 75. Kf2 Qxe2+ 76. Kxe2 Kxg4 1/2-1/2

[Event "EICC 2021"]
[Site "Reykjavik"]
[Date "2021.09.05"]
[Round "11.38"]
[White "Petrov, Martin"]
[Black "Petkov, Momchil"]
[Result "1/2-1/2"]
[ECO "B51"]
[WhiteElo "2521"]
[BlackElo "2443"]
[Annotator "ChessBase"]
[PlyCount "104"]
[EventDate "2021.08.26"]
[EventType "swiss"]
[EventCountry "ISL"]
[Tiebreak "Cut1 Buchholz"]
[SourceTitle "playchess.com"]
[Source "ChessBase"]
[SourceQuality "1"]
[TimeControl "40/5400+30:1800+30"]

1. e4 c5 2. Nf3 d6 3. Bb5+ Nd7 4. c3 Ngf6 5. Qe2 a6 6. Ba4 b5 7. Bc2 Bb7 8. d4 e6 9. O-O Be7 10. Re1 Qc7 11. a4 O-O 12. axb5 axb5 13. Rxa8 Rxa8 14. Na3 b4 15. Nb5 Qb8 16. e5 Bxf3 17. gxf3 Ne8 18. dxc5 dxc5 19. Bxh7+ Kxh7 20. Qd3+ Kg8 21. Qxd7 Qd8 22. Qxd8 Rxd8 23. Be3 g6 24. Ra1 Ng7 25. Kf1 Nf5 26. Ke2 c4 27. Nd4 Nxe3 28. fxe3 bxc3 29. bxc3 Rb8 30. Ra2 Rb1 31. f4 Rc1 32. Nb5 Bh4 33. Kf3 Be1 34. Ra8+ Kg7 35. Rc8 Bxc3 36. Rxc4 Bb2 37. Rb4 Rc2 38. h4 f6 39. Nd4 Bxd4 40. Rb7+ Kf8 41. exd4 fxe5 42. fxe5 Rd2 43. Ke3 Rg2 44. Kf4 Rd2 45. Kg5 Rxd4 46. Rh7 Kg8 47. Re7 Re4 48. Kf6 Rxh4 49. Rxe6 Kf8 50. Ra6 Rf4+ 51. Ke6 g5 52. Kd7 g4 1/2-1/2

[Event "EICC 2021"]
[Site "Reykjavik"]
[Date "2021.09.05"]
[Round "11.39"]
[White "Stefansson, Hannes"]
[Black "Subelj, Jan"]
[Result "1/2-1/2"]
[ECO "D27"]
[WhiteElo "2519"]
[BlackElo "2412"]
[Annotator "ChessBase"]
[PlyCount "105"]
[EventDate "2021.08.26"]
[EventType "swiss"]
[EventCountry "ISL"]
[Tiebreak "Cut1 Buchholz"]
[SourceTitle "playchess.com"]
[Source "ChessBase"]
[SourceQuality "1"]
[TimeControl "40/5400+30:1800+30"]

1. d4 Nf6 2. c4 e6 3. Nf3 d5 4. Nc3 dxc4 5. e3 a6 6. a4 b6 7. Bxc4 Bb7 8. O-O c5 9. Qe2 Nbd7 10. Rd1 Qc7 11. d5 exd5 12. Nxd5 Nxd5 13. Bxd5 Bxd5 14. Rxd5 Be7 15. b3 Nf6 16. Rd1 O-O 17. Bb2 Qb7 18.
Ne5 Rfd8 19. Ng4 Nxg4 20. Qxg4 Bf8 21. h4 Rd5 22. e4 h5 23.
Qf3 Rxd1+ 24. Rxd1 Re8 25. Rd5 Qe7 26. Re5 Qd7 27. Rxh5 Qd2 28.
Bc3 Qc1+ 29. Kh2 Qc2 30. e5 Re6 31. Qf5 Qxf5 32. Rxf5 b5 33.
Rf3 Rc6 34. Rd3 b4 35. Bd2 c4 36. bxc4 Rxc4 37. Bg5 Bc5 38. f4 Bd4 39. h5 Kh7 40. h6 gxh6 41. Bf6 Kg6 42. g4 Rc2+ 43. Kh1 Rc1+ 44. Kg2 Rc2+ 45. Kf3 Rc3 46. Ke4 Rxd3 47. Kxd3 b3 48. Bh8 Kh7 49. Bf6 Kg6 50. Bh4 h5 51. f5+ Kg7 52. Bf6+ Kh6 53. gxh5 1/2-1/2

[Event "EICC 2021"]
[Site "Reykjavik"]
[Date "2021.09.05"]
[Round "11.40"]
[White "Ftacnik, Lubomir"]
[Black "Baltag, Iulian"]
[Result "1/2-1/2"]
[ECO "A87"]
[WhiteElo "2513"]
[BlackElo "2410"]
[Annotator "ChessBase"]
[PlyCount "50"]
[EventDate "2021.08.26"]
[EventType "swiss"]
[EventCountry "ISL"]
[Tiebreak "Cut1 Buchholz"]
[SourceTitle "playchess.com"]
[Source "ChessBase"]
[SourceQuality "1"]
[TimeControl "40/5400+30:1800+30"]

1. d4 f5 2. Nf3 Nf6 3. g3 g6 4. b3 Bg7 5. Bb2 O-O 6. Bg2 Ne4 7. O-O d6 8. Nbd2 Nc6 9. e3 e5 10. dxe5 Nxd2 11. Nxd2 dxe5 12. Nc4 e4 13. Bxg7 Kxg7 14. f3 exf3 15. Bxf3 Be6 16. Bxc6 bxc6 17. Qxd8 Rfxd8 18. Ne5 Bd5 19. Nd3 Be4 20. Nc5 Rd6 21. Nxe4 fxe4 22. Rf4 Re8 23. Raf1 Re7 24. Rf8 Rd2 25. R1f2 Rd1+ 1/2-1/2